 Dungeon Crawl Stone Soup version 0.28.0-62-gf88900778d (webtiles) character file.

Game seed: 13995897974021127419

99 cbfl8 the Cudgeller (level 4, -1/29 HPs)
             Began as a Gargoyle Berserker on Aug 14, 2023.
             Was a Believer of Trog.
             Slain by a jackal (2 damage)
             ... on level 3 of the Dungeon.
             The game lasted 00:02:10 (2031 turns).

cbfl8 the Cudgeller (Gargoyle Berserker)            Turns: 2031, Time: 00:02:10

Health: -1/29      AC: 14    Str: 20    XL:     4   Next: 72%
Magic:  4/4        EV:  3    Int:  8    God:    Trog [**....]
Gold:   73         SH:  0    Dex: 11    Spells: 3/3 levels left

rFire   + . .      SeeInvis .   a - +1 mace
rCold   + . .      Faith    .   (no shield)
rNeg    + . .      Spirit   .   h - +0 plate armour
rPois   ∞          Reflect  .   (no helmet)
rElec   +          Harm     .   (no cloak)
rCorr   +          Rampage  .   (no gloves)
Will    .....                   (no boots)
Stlth   ..........              (no amulet)
HPRegen 0.09/turn               (no ring)
MPRegen 0.09/turn               (no ring)

@: resistant, on berserk cooldown, hasted and slowed, constricted, invisible
A: sickness immunity, AC +3, negative energy resistance 1, electricity
resistance, torment resistance 1, petrification resistance
a: Renounce Religion, Berserk, Trog's Hand


You were on level 3 of the Dungeon.
You worshipped Trog.
Trog was pleased with you.
You visited 1 branch of the dungeon, and saw 3 of its levels.

You collected 73 gold pieces.

Inventory:

Hand Weapons
 a - a +1 mace (weapon)
Missiles
 g - 6 boomerangs (quivered)
Armour
 d - a scarf of invisibility
 h - a +0 plate armour (worn)
 k - a +0 cloak
Scrolls
 i - a scroll of identify {unknown}


   Skills:
 + Level 4.1 Fighting
 + Level 4.1 Maces & Flails
 * Level 0.3 Throwing
 + Level 2.5 Armour
 - Level 1.5 Dodging
 + Level 0.2 Stealth
 * Level 1.1 Evocations


You had 3 spell levels left.
You didn't know any spells.
Your spell library was empty.

Dungeon Overview and Level Annotations

Branches:
Dungeon (3/15)

Altars:


Innate Abilities, Weirdness & Mutations

You are immune to sickness and miasma.
Your stone body is resilient. (AC +3)
You are immune to poison.
You resist negative energy. (rN+)
You are resistant to electric shocks. (rElec)
You are resistant to unholy torment.
You are immune to petrification.


Message History

It is a scroll of enchant weapon.
Your +0 mace glows red for a moment.
The bat hits you.
* * * LOW HITPOINT WARNING * * *
The jackal bites you but does no damage.
The ball python bites you but does no damage.
The ball python constricts you. The goblin hits you but does no damage.
The bat hits you but does no damage.
The ball python bites you but does no damage.
The ball python constricts you.
The jackal bites you but does no damage.
It was a potion of haste.
You feel yourself speed up. The bat hits you but does no damage.
The jackal barely misses you. The bat hits you but does no damage.
The ball python bites you but does no damage.
The ball python constricts you.
* * * LOW HITPOINT WARNING * * *
The hobgoblin hits you.
* * * LOW HITPOINT WARNING * * *
The goblin hits you with a +0 dagger.
* * * LOW HITPOINT WARNING * * *
The jackal bites you but does no damage.
The bat hits you but does no damage.
It was a potion of resistance.
You feel protected. The bat hits you but does no damage.
The ball python bites you but does no damage.
The ball python constricts you. The jackal barely misses you.
The hobgoblin barely misses you. The goblin hits you but does no damage.
The ball python bites you but does no damage.
The ball python constricts you.
As you read the scroll labelled LYEVIMNEFA, it crumbles to dust.
You feel aware of your surroundings.
You sensed 3 altars.
It was a scroll of magic mapping.
The bat hits you but does no damage.
The jackal bites you but does no damage.
The hobgoblin hits you but does no damage.
The ball python bites you but does no damage.
The ball python constricts you. The goblin hits you with a +0 dagger.
* * * LOW HITPOINT WARNING * * *
The jackal bites you.
You die...

**,,,,,,,,,,*,******
#..........,*,,,*,,,
#.........8,,,8,,,8,
#..........,*,,,*,,,
#..........***,***,,
*....>.....,*,,,*,,,
**..b.....8,,,8,,,8,
*#†S......,*,,,*,,,
#@g......***,***,,
#hg......,*,,,*,,,
#.).....8,,,8,,,8,
#........,*,,,,,,,
#......##**,*,,,,,
#........,,,,,,,,*
*#.....###**,,,,,,,
**.......****,,,,,,*
*,........,,,,,,,*,,


You could see a jackal, a hobgoblin, a goblin, a bat and a ball python.

Vanquished Creatures
  Crazy Yiuf (D:2)
  A worm (D:3)
  A dart slug (D:2)
  5 orcs (D:3)
  9 endoplasms
  2 giant cockroaches
  3 goblins
  5 hobgoblins
  7 jackals
  A kobold (D:2)
  3 quokkas (D:1)
  6 ball pythons (D:1)
  3 bats
  2 frilled lizards (D:2)
  3 rats
52 creatures vanquished.

Notes
Turn   | Place    | Note
-------+----------+-------------------------------------------
     0 | D:1      | cbfl8 the Gargoyle Berserker began the quest for the Orb.
     0 | D:1      | Reached XP level 1. HP: 14/14 MP: 1/1
    30 | D:1      | Reached XP level 2. HP: 14/19 MP: 2/2
   238 | D:1      | Found a faded altar of an unknown god.
   606 | D:1      | Reached XP level 3. HP: 21/24 MP: 3/3
   819 | D:1      | Reached ** piety under Trog
  1444 | D:2      | Found a runed translucent door.
  1445 | D:2      | Noticed Crazy Yiuf
  1919 | D:2      | Killed Crazy Yiuf
  1920 | D:2      | Reached skill level 1 in Evocations
  1920 | D:2      | Reached XP level 4. HP: 29/29 MP: 4/4
  2031 | D:3      | HP: 1/29 [goblin/+0 dagger (1)]
  2031 | D:3      | Slain by a jackal

Illustrated notes

Levels and vault maps discovered:
D:1:      roderic_dead_forest, layout_loops_ring,
          chequers_ecumenical_altar_island, chequers_serial_rivers_micro_e
D:2:      layout_basic, uniq_crazy_yiuf_cottage
D:3:      layout_rooms, minitemple, minmay_misc_feat_four_crosses,
          chequers_serial_rivers_large_a

Skill      XL: |  1  2  3 |
---------------+----------+-----
Fighting       | 4 |  4.1
Maces & Flails | 4 |  4.1
Evocations     | 1 |  1.1
Throwing       | |  0.3
Armour         | |  2.5
Dodging        | |  1.5
Stealth        | |  0.2

Action                   |  1- 3 |  4- 6 || total
-------------------------+-------+-------++-------
Melee: Mace              |    90 |    40 ||   130
       Punch             |     1 |     1 ||     2
Invok: Berserk           |     1 |     1 ||     2
       Trog's Hand       |       |     1 ||     1
  Use: Potion            |       |     3 ||     3
       Scroll            |       |     2 ||     2
Armor: Animal skin       |    22 |       ||    22
       Plate armour      |    20 |   188 ||   208
       Scale mail        |     5 |       ||     5
Dodge: Dodged            |    55 |    59 ||   114
